[Event "Titled Tuesday Blitz May 23 Early 2023"]
[White "Shukhman, Anna"]
[Black "Molina, Roberto Junio Brito"]
[WhiteFideId "54180058"]
[BlackFideId "2109450"]
[WhiteElo "2235"]
[BlackElo "2376"]
[Result "1/2-1/2"]
[Round "01"]
[TimeControl "180+2"]
[Date "2023.05.23"]
[WhiteClock "0:00:19"]
[BlackClock "0:00:16"]

1. e4 c6 2. d4 d5 3. f3 g6 4. Nc3 Bg7 5. h4 dxe4 6. Be3 exf3 7. Nxf3 Bg4 8. Be2 Nd7 9. Qd2 Ngf6 10. Bh6 Bxh6 11. Qxh6 Bxf3 12. Bxf3 Qa5 13. O-O-O O-O-O 14. d5 cxd5 15. Nxd5 Nxd5 16. Bxd5 e6 17. Bb3 Nc5 18. Qe3 Nxb3+ 19. Qxb3 Rxd1+ 20. Rxd1 Rd8 21. Qc4+ Qc7 22. Rxd8+ Kxd8 23. Qd4+ Ke7 24. Qxa7 Qf4+ 25. Kd1 Qf1+ 26. Kd2 Qxg2+ 27. Kc3 Qc6+ 28. Kd2 h6 29. a4 g5 30. hxg5 hxg5 31. a5 f5 32. b4 g4 33. Qe3 Qd6+ 34. Kc3 f4 35. Qe4 Qc7+ 36. Kb3 Kf6 37. c4 g3 38. b5 e5 39. b6 Qd7 40. a6 bxa6 41. b7 Qc7 42. c5 Kg5 43. Qb4 Qb8 44. c6 g2 45. c7 Qg8+ 46. Qc4 Qxc4+ 47. Kxc4 g1=Q 48. c8=Q Qc1+ 49. Kd5 Qd2+ 50. Ke6 Qa2+ 51. Ke7 Qa3+ 52. Ke8 Qa4+ 53. Qd7 Qb4 54. Qe7+ Qxe7+ 55. Kxe7 f3 56. b8=Q Kf4 57. Qf8+ Ke3 58. Ke6 f2 59. Kxe5 Ke2 60. Qa3 f1=Q 61. Qxa6+ Kf2 62. Qxf1+ Kxf1 1/2-1/2


[Site "https://www.chess.com"]

[Event "Titled Tuesday Blitz May 23 Early 2023"]
[White "Mahdavi, Reza"]
[Black "UNSTOPPABLE_LEGEND"]
[WhiteFideId "12595926"]
[WhiteElo "2352"]
[BlackElo "2453"]
[Result "1-0"]
[Round "01"]
[TimeControl "180+2"]
[Date "2023.05.23"]
[WhiteClock "0:00:21"]
[BlackClock "0:00:36"]

1. e4 e6 2. d4 d5 3. Nc3 Nf6 4. e5 Nfd7 5. f4 c5 6. Nf3 Nc6 7. Be3 cxd4 8. Nxd4 Qb6 9. Qd2 Qxb2 10. Rb1 Qa3 11. Bb5 Nxd4 12. Bxd4 a6 13. Bxd7+ Bxd7 14. Rb3 Qe7 15. Rxb7 Rc8 16. O-O Qd8 17. Rfb1 Bc5 18. Ne2 O-O 19. c3 Bb5 20. Bxc5 Rxc5 21. Nd4 Qa5 22. Rb4 Qa3 23. Rb3 Qa4 24. Rb4 Qa3 25. Rb3 Qa4 26. f5 Qc4 27. h3 Qf1+ 28. Kh2 Bc4 29. Rb1 Qd3 30. Qg5 exf5 31. Ne6 g6 32. Qf6 1-0


[Site "https://www.chess.com"]

[Event "Titled Tuesday Blitz May 23 Early 2023"]
[White "Rottenwohrer Suarez, Juan"]
[Black "Karthik Venkataraman"]
[WhiteFideId "32068182"]
[BlackFideId "25006479"]
[WhiteElo "2174"]
[BlackElo "2419"]
[Result "0-1"]
[Round "01"]
[TimeControl "180+2"]
[Date "2023.05.23"]
[WhiteClock "0:00:00"]
[BlackClock "0:00:20"]

1. d4 c6 2. c4 Nf6 3. Nf3 g6 4. Nc3 d5 5. cxd5 Nxd5 6. e4 Nxc3 7. bxc3 Bg7 8. Be2 O-O 9. O-O Nd7 10. Bg5 h6 11. Bh4 Re8 12. Qb3 Qa5 13. Rfd1 Nb6 14. c4 c5 15. d5 Bd7 16. Qe3 Na4 17. e5 Qc3 18. Rac1 Qxe3 19. fxe3 a6 20. h3 b5 21. cxb5 axb5 22. Rd2 c4 23. Bg3 c3 24. Rdc2 b4 25. Nd4 Nc5 26. Bb5 Bxb5 27. Nxb5 Reb8 28. Nd4 Rb7 29. Nc6 Nd3 30. Rb1 Nb2 31. Rbxb2 cxb2 32. Rxb2 Ra3 33. Kf2 f6 34. exf6 Bxf6 35. Rxb4 Rxa2+ 36. Kf3 Rxb4 37. Nxb4 Ra3 38. Nc6 Rd3 39. Nb4 Rd2 40. e4 h5 41. Bf4 Rd1 42. Nc6 Rd3+ 43. Ke2 Rb3 44. e5 Bh4 45. Be3 Rb5 46. d6 exd6 47. exd6 Rd5 48. Ne7+ Bxe7 49. dxe7 Re5 50. Kf3 Rxe7 51. Bg5 Re1 52. g4 hxg4+ 53. hxg4 Kf7 54. Kf4 Rb1 55. Ke4 Rb4+ 56. Kf3 Ra4 57. Bf4 Ke6 58. Bg5 Ke5 59. Bh6 Ra3+ 60. Kf2 Ke4 61. Bg5 Rf3+ 62. Kg2 Rf7 63. Kg3 Kd3 64. Bf4 Ke2 65. Bg5 Kd3 66. Bf4 Ke4 67. Bg5 Rf3+ 68. Kg2 Rb3 69. Bh6 Rb5 70. Kg3 g5 71. Bf8 Rb3+ 72. Kg2 Kf4 0-1


[Site "https://www.chess.com"]

[Event "Titled Tuesday Blitz May 23 Early 2023"]
[White "Pranav Anand"]
[Black "Srdanovic, Jovana"]
[WhiteFideId "46626786"]
[BlackFideId "954810"]
[WhiteElo "2389"]
[BlackElo "2169"]
[Result "1-0"]
[Round "01"]
[TimeControl "180+2"]
[Date "2023.05.23"]
[WhiteClock "0:02:43"]
[BlackClock "0:02:02"]

1. Nf3 d5 2. g3 Nf6 3. Bg2 c6 4. O-O Bf5 5. c4 e6 6. d4 Nbd7 7. Nc3 Be7 8. Nh4 Bg4 9. Qb3 Qb6 10. c5 Qa6 11. Qc2 O-O 12. h3 Bh5 13. g4 Bg6 14. Nxg6 hxg6 15. f4 b6 16. cxb6 Qxb6 17. Be3 Qb5 18. Nxb5 1-0


[Site "https://www.chess.com"]

[Event "Titled Tuesday Blitz May 23 Early 2023"]
[White "Principe, Alexander"]
[Black "Sattarov, Bobir"]
[WhiteFideId "3804542"]
[BlackFideId "14203081"]
[WhiteElo "2203"]
[BlackElo "2351"]
[Result "1/2-1/2"]
[Round "01"]
[TimeControl "180+2"]
[Date "2023.05.23"]
[WhiteClock "0:00:13"]
[BlackClock "0:00:04"]

1. e4 c5 2. Nf3 g6 3. d4 cxd4 4. Nxd4 Bg7 5. Nc3 Nc6 6. Nb3 Nf6 7. Bd3 O-O 8. O-O d5 9. exd5 Nxd5 10. Nxd5 Qxd5 11. Qe2 a5 12. c3 a4 13. Nd2 a3 14. Bc4 Qf5 15. Nb3 axb2 16. Bxb2 Ne5 17. Nd4 Qf4 18. Bb3 Ng4 19. g3 Qh6 20. f3 Ne5 21. Rad1 b6 22. a4 Bb7 23. Bc1 Qh5 24. Bf4 Nc6 25. Nb5 Rad8 26. g4 Qc5+ 27. Be3 Qe5 28. Rfe1 Rxd1 29. Qxd1 Na5 30. Bd4 Qf4 31. Bxg7 Kxg7 32. Qd4+ Qxd4+ 33. Nxd4 e6 34. Bc2 Rc8 35. Re3 Nc4 36. Rd3 Kf6 37. Kf2 h6 38. Bd1 g5 39. Bb3 Ne5 40. Re3 Rc5 41. Nb5 Ng6 42. Bc2 Nf4 43. Be4 Bxe4 44. Rxe4 Nd5 45. Rb4 Ke5 46. Rb2 Nf4 47. Ke3 Rd5 48. Nd4 Rc5 49. Rb3 Nd5+ 50. Kd2 Nxc3 51. Rxc3 Kxd4 52. Rb3 Rc6 53. Rb4+ Ke5 54. Kd3 f5 55. Ke3 f4+ 56. Kd3 Kd5 57. Rb5+ Kd6 58. Kd4 Ke7 59. Rb4 Kf6 60. Rb5 Rd6+ 61. Ke4 Rc6 62. Kd4 Ke7 63. Ke4 Rc4+ 64. Kd3 Rxa4 65. Rxb6 Ra3+ 66. Ke2 Ra2+ 67. Kd3 Rxh2 68. Rb7+ Kf6 69. Rh7 e5 70. Ra7 Rh3 71. Ra6+ Kg7 72. Ke4 Rh1 73. Ra7+ Kf6 74. Ra6+ Kf7 75. Ra7+ Ke6 76. Ra6+ Ke7 77. Kxe5 Re1+ 78. Kf5 Re3 79. Ra7+ Kd6 80. Ra6+ Kd5 81. Rxh6 Rxf3 82. Kxg5 Rf1 83. Rf6 f3 84. Kh6 f2 85. Kg6 Ke4 86. g5 Ke3 87. Kg7 Rg1 88. g6 f1=Q 89. Rxf1 Rxf1 90. Kh7 Rh1+ 91. Kg8 Kf4 92. g7 Kg5 93. Kf7 Rf1+ 94. Ke7 Re1+ 95. Kf7 Rf1+ 96. Ke7 Re1+ 97. Kf7 Rf1+ 1/2-1/2


[Site "https://www.chess.com"]

[Event "Titled Tuesday Blitz May 23 Early 2023"]
[White "Suyarov, Mukhammadzokhid"]
[Black "Begunov, Konstantin"]
[WhiteFideId "14210495"]
[BlackFideId "4118510"]
[WhiteElo "2361"]
[BlackElo "2050"]
[Result "1/2-1/2"]
[Round "01"]
[TimeControl "180+2"]
[Date "2023.05.23"]
[WhiteClock "0:01:19"]
[BlackClock "0:00:20"]

1. d4 d5 2. Nc3 Bf5 3. f3 Nf6 4. g4 Bg6 5. h4 h6 6. Bf4 e6 7. e3 Bd6 8. Nh3 c5 9. Nb5 Bxf4 10. Nxf4 a6 11. Nxg6 fxg6 12. Nc3 Qd6 13. Qd2 cxd4 14. exd4 Qg3+ 15. Qf2 Qxf2+ 16. Kxf2 Nc6 17. Ne2 O-O 18. Kg3 e5 19. dxe5 Nxe5 20. Nd4 Nc4 21. Bxc4 dxc4 22. Rhe1 Rfe8 23. a4 Nd5 24. c3 g5 25. hxg5 hxg5 26. Nf5 Nf4 27. Nd6 Rxe1 28. Rxe1 Rd8 29. Nxc4 b5 30. axb5 axb5 31. Na3 Rd2 32. Rg1 Ne2+ 33. Kf2 Nxg1+ 34. Kxg1 Rxb2 35. Kf1 Kf7 36. Ke1 Rb3 37. Nc2 Rxc3 38. Nd4 Rd3 39. Nxb5 Rxf3 40. Nd6+ Kg6 41. Nc4 Rg3 42. Kf2 Rxg4 43. Nb6 Rd4 44. Ke3 Rd8 45. Ke4 Rf8 46. Nd7 g4 47. Nxf8+ Kg5 48. Ne6+ Kh4 49. Nxg7 g3 50. Kf3 Kh3 51. Nh5 g2 52. Nf4+ Kh2 53. Nxg2 1/2-1/2


[Site "https://www.chess.com"]

[Event "Titled Tuesday Blitz May 23 Early 2023"]
[White "Jumanov, Elbek"]
[Black "Ilamparthi A R"]
[WhiteFideId "14202905"]
[BlackFideId "45015775"]
[WhiteElo "2055"]
[BlackElo "2348"]
[Result "0-1"]
[Round "01"]
[TimeControl "180+2"]
[Date "2023.05.23"]
[WhiteClock "0:00:07"]
[BlackClock "0:00:16"]

1. c4 e5 2. g3 h5 3. h4 Nc6 4. Bg2 Bc5 5. Nc3 d6 6. d3 a6 7. Nf3 Nge7 8. a3 O-O 9. b4 Ba7 10. Rb1 Bg4 11. a4 f5 12. b5 axb5 13. axb5 Nd4 14. Bg5 Qd7 15. Bxe7 Bxf3 16. exf3 Qxe7 17. Nd5 Qd7 18. f4 c6 19. bxc6 bxc6 20. Qxh5 e4 21. Ne3 exd3 22. O-O Rab8 23. Rbd1 Rb3 24. Bh3 Ne2+ 25. Kh2 Bxe3 26. fxe3 Rb2 27. Bg2 Qe6 28. Rxd3 Rf6 29. Ra1 Rh6 30. Ra8+ Kh7 31. Qe8 Qxe8 32. Rxe8 Nxg3 33. Kg1 Rg6 34. h5 Nxh5 35. e4 Rgxg2+ 36. Kf1 Ng3+ 0-1


[Site "https://www.chess.com"]

[Event "Titled Tuesday Blitz May 23 Early 2023"]
[White "Vitiugov, Nikita"]
[Black "Kielinkei"]
[WhiteFideId "4152956"]
[WhiteElo "2673"]
[BlackElo "2445"]
[Result "1/2-1/2"]
[Round "01"]
[TimeControl "180+2"]
[Date "2023.05.23"]
[WhiteClock "0:00:08"]
[BlackClock "0:00:04"]

1. e4 c5 2. Nc3 e6 3. d4 cxd4 4. Qxd4 Nc6 5. Qd3 Nf6 6. Bf4 e5 7. Bg5 Be7 8. O-O-O d6 9. Bxf6 gxf6 10. Nf3 Be6 11. Nh4 Nd4 12. Nb5 Nxb5 13. Qxb5+ Qd7 14. Qxd7+ Kxd7 15. Bb5+ Kc7 16. Nf5 Bxf5 17. exf5 Rhg8 18. g3 Rg5 19. Bd3 d5 20. h4 Rgg8 21. Be2 Rad8 22. Rd2 Bc5 23. Bh5 Rg7 24. Rhd1 d4 25. Bf3 Rgg8 26. Re2 Rd7 27. Rd3 Kb8 28. Re4 Kc7 29. Kd1 b6 30. Ke2 a5 31. Kf1 Rb8 32. Kg2 b5 33. Kh3 a4 34. Rg4 h6 35. Rg7 Rh8 36. Rg4 b4 37. Re4 Kb6 38. Kg4 h5+ 39. Kh3 Ra7 40. Re2 a3 41. bxa3 Rxa3 42. Rxa3 bxa3 43. Bd5 Rf8 44. Re1 Kc7 45. Kg2 Kd6 46. Bf3 Rb8 47. Bxh5 Ke7 48. Bf3 Rb2 49. Ra1 Rxc2 50. Be4 Re2 51. Kf3 Rb2 52. h5 Kf8 53. h6 Kg8 54. g4 Bb4 55. g5 fxg5 56. f6 Bc3 57. Rg1 Bd2 58. Ra1 Bc3 59. Rg1 Bd2 60. Ra1 Bc3 1/2-1/2


[Site "https://www.chess.com"]

[Event "Titled Tuesday Blitz May 23 Early 2023"]
[White "Gurevich, Dmitry"]
[Black "Hayrapetyan, Hovik"]
[WhiteFideId "2000407"]
[BlackFideId "13302639"]
[WhiteElo "2506"]
[BlackElo "2348"]
[Result "0-1"]
[Round "01"]
[TimeControl "180+2"]
[Date "2023.05.23"]
[WhiteClock "0:00:00"]
[BlackClock "0:00:05"]

1. d4 Nf6 2. c4 e6 3. Nf3 d5 4. Nc3 Bb4 5. e3 O-O 6. Bd3 b6 7. O-O Bb7 8. cxd5 exd5 9. Ne5 a6 10. f4 Bd6 11. Bd2 c5 12. Be1 Nc6 13. Bh4 cxd4 14. Nxd5 Bxe5 15. fxe5 Qxd5 16. exf6 g6 17. e4 Qa5 18. Qf3 Kh8 19. Qf4 Rg8 20. Bg5 Ne5 21. Rad1 Rae8 22. Bh6 Qxa2 23. h4 Nxd3 24. Bg7+ Rxg7 25. fxg7+ Kxg7 26. Qf6+ Kg8 27. Rxd3 Rxe4 28. Rxd4 Rxd4 29. Qxd4 Qe6 30. Qf6 Qd5 31. Rf2 b5 32. h5 gxh5 0-1


[Site "https://www.chess.com"]

[Event "Titled Tuesday Blitz May 23 Early 2023"]
[White "Bryakin, Mikhail"]
[Black "Mouhamad, Joachim"]
[WhiteFideId "4165314"]
[BlackFideId "656410"]
[WhiteElo "2467"]
[BlackElo "2125"]
[Result "1-0"]
[Round "01"]
[TimeControl "180+2"]
[Date "2023.05.23"]
[WhiteClock "0:00:14"]
[BlackClock "0:00:00"]

1. e4 c5 2. Nf3 Nc6 3. Bb5 g6 4. O-O Bg7 5. Bxc6 dxc6 6. d3 Nf6 7. a4 a5 8. h3 Nd7 9. Nc3 e5 10. Be3 b6 11. Nh2 Nf8 12. f4 exf4 13. Rxf4 Ne6 14. Rf1 Nd4 15. Qd2 O-O 16. Rae1 Be6 17. b3 Qd7 18. Nf3 f6 19. Ne2 Nxe2+ 20. Qxe2 h6 21. Nh4 Kh7 22. Qf2 g5 23. Nf5 Bxf5 24. Qxf5+ Qxf5 25. Rxf5 Kg6 26. g3 Rfe8 27. Kf2 Re6 28. Ke2 Rae8 29. Rh1 Re5 30. Rxe5 Rxe5 31. g4 h5 32. Bd2 Re8 33. Kf3 Rh8 34. Kg2 hxg4 35. hxg4 Rxh1 36. Kxh1 Bf8 37. Kg2 Bd6 38. Kf3 Be5 39. Be3 Kf7 40. Bf2 Ke6 41. Ke2 Bd4 42. Bg3 Be5 43. Be1 Bd4 44. c3 Be5 45. Ke3 Bf4+ 46. Kf3 Bc1 47. d4 cxd4 48. cxd4 Bf4 49. Ke2 Kd6 50. Kd3 Ke6 51. Kc4 Kd6 52. b4 axb4 53. Bxb4+ Kd7 54. d5 Be5 55. Bd2 Kc7 56. Be3 Kb7 57. Bf2 Kc7 58. Bd4 Kb7 59. Bg1 Kc7 60. Bf2 Kb7 61. Be1 Kc7 62. Bb4 Kb7 63. Bf8 Kc7 64. Be7 Kb7 65. Bd8 Bc7 66. Bxf6 Bf4 67. Bd8 cxd5+ 68. Kxd5 Ka6 69. e5 Ka5 70. e6 Kxa4 71. e7 1-0


[Site "https://www.chess.com"]

[Event "Titled Tuesday Blitz May 23 Early 2023"]
[White "Mackster23"]
[Black "Zherebukh, Yaroslav"]
[BlackFideId "14116804"]
[WhiteElo "2442"]
[BlackElo "2531"]
[Result "0-1"]
[Round "01"]
[TimeControl "180+2"]
[Date "2023.05.23"]
[WhiteClock "0:00:02"]
[BlackClock "0:00:06"]

1. e4 c6 2. d4 d5 3. Nd2 dxe4 4. Nxe4 Nf6 5. Nxf6+ exf6 6. c3 Bd6 7. Bd3 O-O 8. Qc2 Re8+ 9. Ne2 h5 10. O-O h4 11. Bd2 h3 12. Rfe1 hxg2 13. Ng3 Be6 14. Bh7+ Kf8 15. Re4 Nd7 16. Rae1 Qc7 17. Rh4 g5 18. Rhe4 Bxg3 19. hxg3 b5 20. Qd1 Kg7 21. Qh5 Rh8 22. Rxe6 Rxh7 23. Qg4 fxe6 24. Rxe6 Nf8 25. Bxg5 fxg5 26. Qxg5+ Kh8 27. Rf6 Qg7 28. Qf4 Ng6 29. Qf3 Rh1+ 30. Kxg2 Nh4+ 31. Kxh1 Nxf3 32. Rxf3 Rf8 33. Kg2 Rxf3 34. Kxf3 Qf7+ 0-1


[Site "https://www.chess.com"]

[Event "Titled Tuesday Blitz May 23 Early 2023"]
[White "Macovei, Andrei"]
[Black "Urbina Perez, Juan Antonio"]
[WhiteFideId "13904680"]
[BlackFideId "2217368"]
[WhiteElo "2447"]
[BlackElo "2197"]
[Result "0-1"]
[Round "01"]
[TimeControl "180+2"]
[Date "2023.05.23"]
[WhiteClock "0:00:03"]
[BlackClock "0:00:20"]

1. e4 c5 2. Nf3 d6 3. d4 cxd4 4. Nxd4 Nf6 5. Nc3 a6 6. f3 e5 7. Nb3 Be6 8. Be3 Be7 9. Qd2 O-O 10. O-O-O Nbd7 11. g4 b5 12. g5 Nh5 13. Kb1 Nb6 14. Rg1 Nc4 15. Bxc4 bxc4 16. Nc1 Rb8 17. N1e2 Qc8 18. Ka1 Qb7 19. Rb1 Rfd8 20. Rgd1 a5 21. Nd5 Bf8 22. Nec3 Qc6 23. h4 a4 24. a3 Rb7 25. Na2 Rdb8 26. Nab4 Qe8 27. Qc3 Qc8 28. Rd2 f6 29. Rbd1 f5 30. exf5 Bxf5 31. f4 exf4 32. Nxf4 Nxf4 33. Bxf4 Rb6 34. Bxd6 Rxd6 35. Rxd6 Bxd6 36. Rxd6 Qc7 37. Qd4 Re8 38. Ka2 Bg6 39. Rd7 Qe5 40. Qxe5 Rxe5 41. Rd4 Bf7 42. c3 h6 43. gxh6 gxh6 44. Nc6 Re1 45. Nd8 Bg6 46. Rg4 Kh7 47. Rxg6 Kxg6 48. Nb7 Re4 49. Nc5 Rxh4 50. Nxa4 Rf4 51. Nb6 h5 52. a4 h4 53. a5 h3 54. a6 Rf8 55. a7 h2 56. a8=Q Rxa8+ 57. Nxa8 h1=Q 58. Nb6 Qc6 0-1


[Site "https://www.chess.com"]

[Event "Titled Tuesday Blitz May 23 Early 2023"]
[White "Osinovsky, Stepan"]
[Black "Harsh Suresh"]
[WhiteFideId "4157354"]
[BlackFideId "45018464"]
[WhiteElo "2222"]
[BlackElo "2209"]
[Result "1-0"]
[Round "01"]
[TimeControl "180+2"]
[Date "2023.05.23"]
[WhiteClock "0:00:37"]
[BlackClock "0:00:11"]

1. Nf3 Nf6 2. g3 d5 3. Bg2 c6 4. O-O Bf5 5. d3 e6 6. b3 h6 7. Bb2 Nbd7 8. Nbd2 a5 9. a3 Be7 10. Rc1 O-O 11. c4 Bh7 12. Rc2 Qb6 13. Qa1 Rfc8 14. Rfc1 Ng4 15. Bd4 Bc5 16. h3 Ngf6 17. Bxc5 Nxc5 18. cxd5 cxd5 19. Qd4 Nfd7 20. b4 axb4 21. axb4 e5 22. bxc5 Qf6 23. Qxd5 1-0


[Site "https://www.chess.com"]

[Event "Titled Tuesday Blitz May 23 Early 2023"]
[White "Riehle, Marco"]
[Black "Yeritsyan, Hayk"]
[WhiteFideId "12904392"]
[BlackFideId "13307320"]
[WhiteElo "2462"]
[BlackElo "2441"]
[Result "1-0"]
[Round "01"]
[TimeControl "180+2"]
[Date "2023.05.23"]
[WhiteClock "0:01:29"]
[BlackClock "0:00:07"]

1. e4 e5 2. Nf3 Nc6 3. Bc4 Bc5 4. c3 Nf6 5. d4 exd4 6. cxd4 Bb4+ 7. Kf1 d5 8. exd5 Nxd5 9. Nc3 Nb6 10. Bd3 Bg4 11. Be3 O-O 12. h3 Bh5 13. d5 Ne5 14. Be2 Nxf3 15. Bxb6 axb6 16. Bxf3 Bxf3 17. Qxf3 Bxc3 18. bxc3 Qd6 19. g3 Ra5 20. c4 Ra3 21. Qe4 Rfa8 22. Kg2 g6 23. Qe2 Qf6 24. Rhe1 Kg7 25. h4 h5 26. Kg1 Kf8 27. Kg2 Rc3 28. Rac1 Rxc1 29. Rxc1 Ra3 30. Re1 Rc3 31. Qe4 Kg7 32. Re2 Rc1 33. Rc2 Rd1 34. Re2 Qa1 35. f4 Rg1+ 36. Kh2 Rc1 37. f5 Qf6 38. fxg6 fxg6 39. Qe7+ Qf7 40. Qe5+ Kh7 41. d6 cxd6 42. Qxd6 Kh6 43. Qd2+ 1-0


[Site "https://www.chess.com"]

[Event "Titled Tuesday Blitz May 23 Early 2023"]
[White "Manukian, Artak"]
[Black "Boyer, Mahel"]
[WhiteFideId "13301373"]
[BlackFideId "45102422"]
[WhiteElo "2130"]
[BlackElo "2439"]
[Result "1-0"]
[Round "01"]
[TimeControl "180+2"]
[Date "2023.05.23"]
[WhiteClock "0:00:18"]
[BlackClock "0:00:10"]

1. e4 c5 2. Nf3 d6 3. Bb5+ Nc6 4. O-O Bd7 5. Re1 Nf6 6. c3 a6 7. Bxc6 Bxc6 8. d4 Bxe4 9. Bg5 Bd5 10. Bxf6 gxf6 11. Nbd2 cxd4 12. Nxd4 Rg8 13. g3 Qd7 14. Qh5 Rg5 15. Qxh7 O-O-O 16. N2f3 Re5 17. Nxe5 dxe5 18. Nc2 Bc6 19. Ne3 e6 20. Rad1 Bd6 21. Nc4 Qe7 22. Nxd6+ Rxd6 23. Qc2 Qd7 24. Rxd6 Qxd6 25. Rd1 Qc5 26. Qd2 Kb8 27. Qd6+ Qxd6 28. Rxd6 Bd5 29. Rd8+ Kc7 30. Rf8 Kd6 31. Rxf7 f5 32. h4 Bf3 33. Kf1 b5 34. Ke1 e4 35. Ra7 Kc5 36. Rxa6 e5 37. Rf6 Bg4 38. h5 Bxh5 39. Rxf5 Bf3 40. Rxe5+ Kc4 41. b3+ Kd3 42. Rxb5 e3 43. fxe3 Kc2 44. Kf2 Kb2 45. Kxf3 Ka3 46. e4 Kb2 47. e5 Ka3 48. e6 Kb2 49. e7 Ka3 50. e8=Q Kb2 51. Qe2+ Ka3 52. Ra5# 1-0


[Site "https://www.chess.com"]

[Event "Titled Tuesday Blitz May 23 Early 2023"]
[White "Kilic, Eray"]
[Black "Pinto, Daniel"]
[WhiteFideId "44517173"]
[BlackFideId "3303144"]
[WhiteElo "2328"]
[BlackElo "2145"]
[Result "1-0"]
[Round "01"]
[TimeControl "180+2"]
[Date "2023.05.23"]
[WhiteClock "0:02:52"]
[BlackClock "0:01:39"]

1. e4 e5 2. Nf3 Nc6 3. Bb5 Nf6 4. d3 d6 5. O-O Be7 6. h3 O-O 7. Re1 a6 8. Bxc6 bxc6 9. d4 d5 10. Nxe5 Nxe4 11. Nxc6 Qe8 12. Nxe7+ Qxe7 13. f3 f5 14. fxe4 f4 15. exd5 1-0


[Site "https://www.chess.com"]

[Event "Titled Tuesday Blitz May 23 Early 2023"]
[White "Shubenkova, Veronika"]
[Black "Smirnov, Pavel"]
[WhiteFideId "44124040"]
[BlackFideId "4123425"]
[WhiteElo "2060"]
[BlackElo "2520"]
[Result "1-0"]
[Round "01"]
[TimeControl "180+2"]
[Date "2023.05.23"]
[WhiteClock "0:00:38"]
[BlackClock "0:00:13"]

1. e4 e5 2. Nf3 Nc6 3. Bb5 a6 4. Bxc6 dxc6 5. O-O Bd6 6. d4 exd4 7. Qxd4 f6 8. e5 fxe5 9. Nxe5 Nf6 10. Bg5 Qe7 11. Re1 O-O 12. Nc3 Bxe5 13. Rxe5 Qf7 14. Rae1 h6 15. Re7 Qg6 16. Bxf6 Rxf6 17. Qd8+ Kh7 18. Re8 Qf5 19. Ne4 Rf7 20. h4 b6 21. h5 Qxh5 22. Re3 Bb7 23. Rh8+ Kg6 24. Qd3 Qd5 25. Rg3+ Kf5 26. Nd6+ Ke6 27. Qxd5+ cxd5 28. Nxf7 Kxf7 29. Rf3+ Ke7 30. Re3+ Kf7 31. Rxa8 Bxa8 32. c3 c5 33. f4 Bc6 34. Re5 a5 35. g3 Kf6 36. a3 a4 37. Kf2 b5 38. Ke3 Bb7 39. Rh5 Bc6 40. g4 Bb7 41. Rf5+ Ke7 42. g5 hxg5 43. fxg5 Bc6 44. Kf4 Ke6 45. g6 Be8 46. Re5+ Kd7 47. Rxd5+ Kc6 48. Rg5 Kd6 49. Rg1 Bc6 50. Kg5 Be4 51. Rf1 Bd5 52. Rf8 Ke7 53. Rb8 Kd6 54. Rb6+ Bc6 55. Kf5 Kc7 56. Rxc6+ Kxc6 57. Ke6 b4 58. cxb4 cxb4 59. Kf7 bxa3 60. bxa3 Kb5 61. Kxg7 Kc4 62. Kf6 Kb3 63. g7 Kxa3 64. g8=Q Kb2 65. Qg7 a3 66. Kf5+ Kb1 67. Qg1+ Kb2 68. Qf2+ Kb3 69. Qe1 Kb2 70. Qd2+ Kb1 71. Qb4+ 1-0


[Site "https://www.chess.com"]

[Event "Titled Tuesday Blitz May 23 Early 2023"]
[White "Djordjevic, Vuk"]
[Black "Garakov, Mikhael"]
[WhiteFideId "902098"]
[BlackFideId "4169034"]
[WhiteElo "2452"]
[BlackElo "2347"]
[Result "0-1"]
[Round "01"]
[TimeControl "180+2"]
[Date "2023.05.23"]
[WhiteClock "0:00:00"]
[BlackClock "0:00:10"]

1. d4 c5 2. d5 g6 3. c4 Bg7 4. e4 d6 5. Nc3 e6 6. Nf3 Ne7 7. Bg5 h6 8. Be3 O-O 9. Qd2 Kh7 10. Bd3 exd5 11. cxd5 Bg4 12. Ng1 a6 13. a4 Nc8 14. h3 Bd7 15. g4 Na7 16. Nge2 Be8 17. h4 Nd7 18. h5 g5 19. f4 gxf4 20. Nxf4 Ne5 21. Be2 b5 22. axb5 Nxb5 23. g5 hxg5 24. h6 Bh8 25. Nh5 f6 26. Ng3 Bg6 27. O-O-O Qa5 28. Qc2 Rab8 29. Nxb5 axb5 30. Nf5 Rfd8 31. Ne7 Qa1+ 32. Qb1 Qxb1+ 33. Kxb1 Bxe4+ 34. Kc1 Bxh1 35. Rxh1 c4 36. Bd1 Nd3+ 37. Kb1 Rd7 38. Nf5 Re8 39. Bd4 Kg6 40. Bh5+ Kxf5 41. Bxe8 Re7 42. Bxb5 Ne5 43. Bc3 Kg6 44. Be8+ Rxe8 45. Kc2 f5 46. Ra1 Kxh6 47. Ra6 Rd8 48. Bb4 Nf7 49. Ra7 Kg6 50. Rc7 Be5 51. Rxc4 g4 52. Bd2 Ng5 53. b4 Ne4 54. Be3 g3 55. b5 Nf6 56. Bg1 Nxd5 57. Kd3 f4 58. Ke4 Nf6+ 59. Kf3 Kf5 60. b6 Nh7 61. b7 Ng5+ 62. Ke2 Rb8 63. Rb4 f3+ 64. Kf1 Ne4 65. Ba7 g2+ 66. Kg1 Rh8 67. Rxe4 Kxe4 68. b8=Q Bd4+ 69. Bxd4 Rxb8 0-1


[Site "https://www.chess.com"]

[Event "Titled Tuesday Blitz May 23 Early 2023"]
[White "Toktomushev, Teimur"]
[Black "Averjanov, Alexey"]
[WhiteFideId "14176726"]
[BlackFideId "14109867"]
[WhiteElo "2116"]
[BlackElo "2763"]
[Result "0-1"]
[Round "01"]
[TimeControl "180+2"]
[Date "2023.05.23"]
[WhiteClock "0:00:00"]
[BlackClock "0:00:59"]

1. d4 d5 2. c4 dxc4 3. e3 Nf6 4. Bxc4 e6 5. Nf3 a6 6. O-O b5 7. Be2 Bb7 8. a4 b4 9. Nbd2 Nbd7 10. Nc4 c5 11. b3 Qc7 12. Bb2 Be7 13. Rc1 O-O 14. Qc2 Rac8 15. Qb1 Rfd8 16. Rfd1 cxd4 17. Nce5 Qb8 18. Bxd4 Nxe5 19. Bxe5 Qa8 20. Rxd8+ Rxd8 21. Rc7 Nd5 22. Rc1 Bf6 23. Bf1 Nc3 24. Bxc3 bxc3 25. Be2 Be4 26. Qa2 Bxf3 27. Bxf3 Qa7 28. Rd1 Rd7 29. Qc2 g6 30. Rxd7 Qxd7 31. g3 Kg7 32. Kg2 a5 33. h4 h5 34. Be4 Qd6 35. Qd3 Qb4 36. Qc2 Be5 37. Bf3 Bf6 38. Be4 Qa3 39. Bf3 Qb2 40. Qxb2 cxb2 41. Be4 Bc3 42. Kf3 Kf6 43. Ke2 Ke5 44. Bc2 Kd5 45. f3 e5 46. g4 hxg4 47. fxg4 e4 48. h5 gxh5 49. gxh5 f5 50. Bb1 Ke5 51. Kd1 Kf6 52. Kc2 Be5 53. Kd1 Kg5 54. Ke2 Kxh5 55. Bc2 Bc3 56. Bb1 Kg4 57. Bc2 Kg5 58. Bb1 Kf6 59. Ba2 Ke5 60. Bb1 Kd5 61. Ba2 Kc5 62. Kd1 Kb4 63. Kc2 Ka3 64. Bb1 Bf6 65. Kd2 Kxb3 66. Ke2 Kxa4 67. Kd2 Kb3 68. Ke2 a4 69. Kd2 a3 70. Kd1 a2 0-1


[Site "https://www.chess.com"]

[Event "Titled Tuesday Blitz May 23 Early 2023"]
[White "Tatarinov, Dmitry"]
[Black "Ramirez Vido, Robert Yorisan"]
[WhiteFideId "24160067"]
[BlackFideId "3513823"]
[WhiteElo "2326"]
[BlackElo "2436"]
[Result "1-0"]
[Round "01"]
[TimeControl "180+2"]
[Date "2023.05.23"]
[WhiteClock "0:01:12"]
[BlackClock "0:00:00"]

1. e4 d6 2. d4 Nf6 3. Nc3 g6 4. Nf3 Bg7 5. Be2 O-O 6. O-O e5 7. dxe5 dxe5 8. Qxd8 Rxd8 9. Nxe5 Nxe4 10. Nxf7 Nxc3 11. Bc4 Rd4 12. Ne5+ Rxc4 13. Nxc4 Ne2+ 14. Kh1 Nxc1 15. Raxc1 Be6 16. Ne3 Nc6 17. c3 Bxa2 18. Rfd1 Be6 19. Nd5 Bxd5 20. Rxd5 Rd8 21. Rxd8+ Nxd8 22. Rd1 Nc6 23. f4 Bf8 24. Rd7 Bd6 25. g3 Ne7 26. Kg2 Kf8 27. Rd8+ Kf7 28. Kf3 a5 29. Rh8 h5 30. h3 b6 31. g4 hxg4+ 32. hxg4 Nd5 33. f5 gxf5 34. gxf5 Kf6 35. Ke4 Ne7 36. Rh6+ Kg7 37. Rh1 Kf7 38. Rh6 Ng8 39. Rh7+ Kf8 40. Rh1 Nf6+ 41. Kd3 Ke7 42. Kc4 Kd7 43. Rh6 Ng4 44. Rh7+ Kc6 45. Rg7 1-0


[Site "https://www.chess.com"]

[Event "Titled Tuesday Blitz May 23 Early 2023"]
[White "Veleshnja, Zino"]
[Black "Jaracz, Pawel"]
[WhiteFideId "4701313"]
[BlackFideId "1102222"]
[WhiteElo "2216"]
[BlackElo "2438"]
[Result "0-1"]
[Round "01"]
[TimeControl "180+2"]
[Date "2023.05.23"]
[WhiteClock "0:00:23"]
[BlackClock "0:00:22"]

1. d4 d5 2. Bf4 e6 3. e3 Bd6 4. Bg3 Ne7 5. Bd3 b6 6. Nf3 Ba6 7. Qe2 Bxd3 8. Qxd3 O-O 9. Nbd2 Nf5 10. Be5 Nc6 11. c3 Bxe5 12. dxe5 Nfe7 13. O-O-O Ng6 14. e4 Ncxe5 15. Nxe5 Nxe5 16. Qg3 Qf6 17. f4 Qxf4 18. exd5 exd5 19. Qxf4 Nd3+ 20. Kc2 Nxf4 21. Nf3 c6 22. g3 Ne6 23. Ne5 Rac8 24. Rhe1 Rfd8 25. h4 c5 26. h5 h6 27. g4 b5 28. b3 c4 29. Rf1 d4 30. Nxf7 cxb3+ 31. Kxb3 Rxc3+ 32. Kb2 Rdc8 33. Nd6 R8c6 34. Ne4 Rc2+ 35. Kb1 Rg2 36. Rg1 Rxg1 37. Rxg1 Ng5 38. Nxg5 hxg5 39. Rd1 Rc4 40. Kb2 Kf7 41. Rf1+ Ke6 42. Rf5 d3 43. Rf3 Rd4 44. Kc1 Ke5 45. Kd2 Ke4 46. Rf8 Ra4 47. Re8+ Kf4 48. Kxd3 Kxg4 49. Rb8 a6 50. Rb7 Kxh5 51. Rxg7 Rxa2 0-1


[Site "https://www.chess.com"]